 Dungeon Crawl Stone Soup version 0.29.1-1-gd02db6906a (webtiles) character file.

Game seed: 15462435767854643252

2 RascalDebosk the Conjurer (level 1, 0/11 HPs)
             Began as an Octopode Conjurer on Oct 7, 2022.
             Slain by a quokka (3 damage)
             ... on level 1 of the Dungeon.
             The game lasted 00:02:08 (85 turns).

RascalDebosk the Conjurer (Octopode Conjurer)         Turns: 85, Time: 00:02:09

Health: 0/11       AC:  1    Str:  6    XL:     1   Next: 30%
Magic:  1/3        EV: 13    Int: 20    God:
Gold:   11         SH:  0    Dex: 10    Spells: 3/4 levels left

rFire   . . .      SeeInvis .   (no weapon)
rCold   . . .      Faith    .   (no shield)
rNeg    . . .      Spirit   .   (helmet restricted)
rPois   .          Reflect  .   (no amulet)
rElec   .          Harm     .   (no ring)
rCorr   .          Rampage  .   (no ring)
Will    .....                   (no ring)
Stlth   +++.......              (no ring)
HPRegen 0.03/turn               (no ring)
MPRegen 0.08/turn               (no ring)
                                (no ring)
                                (no ring)

@: no status effects
A: almost no armour, amphibious, 8 rings, camouflage 1, gelatinous body 1,
(nimble swimmer 1), tentacles
a: no special abilities


You were on level 1 of the Dungeon.
You visited 1 branch of the dungeon, and saw 1 of its levels.

You collected 11 gold pieces.

Inventory:

Potions
 a - a potion of magic
 b - a potion of curing {unknown}


   Skills:
 - Level 2.0 Dodging
 + Level 2.7 Stealth
 + Level 2.0 Spellcasting
 + Level 4.0 Conjurations
 + Level 0.1 Hexes
 + Level 0.1 Translocations


You had 3 spell levels left.
You knew the following spells:

 Your Spells              Type           Power      Damage    Failure   Level
a - Magic Dart            Conj           72%        1d6       3%          1

Your spell library contained the following spells:

 Spells                   Type           Power      Damage    Failure   Level
 Searing Ray              Conj           36%        2d5       4%          2
 Dazzling Flash           Conj/Hex       20%        N/A       21%         3
 Fulminant Prism          Conj/Hex       5%         3d7       56%         4
 Iskenderun's Mystic Bla  Conj/Tloc      10%        2d4       56%         4


Dungeon Overview and Level Annotations

Branches:
Dungeon (1/15)

Altars:


Innate Abilities, Weirdness & Mutations

You cannot wear most types of armour.
You are amphibious.
You can wear up to eight rings at the same time.
Your skin changes colour to match your surroundings (Stealth+).
Your rubbery body absorbs attacks. (AC +1, EV +1)
((You are camouflaged when in or above water. (Stealth+)))
You have tentacles for arms and can constrict up to eight enemies at once.


Message History

Lua error: /dgldir/rcfiles/crawl-0.29/RascalDebosk.rc:335: '' expected near 'end' Welcome, RascalDebosk the Octopode Conjurer.
Below lies the Orb of Zot, rumoured to be powerful enough to resurrect a god...
Press ? for a list of commands and other information.
Found a staircase leading out of the dungeon.
You open the door.
There is an open door here.
You now have 11 gold pieces.
b - a sedimented inky potion You open the door.
A ball python, a giant cockroach and a gnoll come into view.
Found 11 gold pieces.
Aiming: Magic Dart (safe; 3% risk of failure)
Press: ? - help, Q - select action Shift-Dir - straight line, f - ball python
Aim: a ball python (asleep, 100% to hit)
The magic dart hits the ball python.
The ball python is moderately wounded.
The ball python hisses angrily.
A quokka comes into view.
Aiming: Magic Dart (safe; 3% risk of failure)
Press: ? - help, Q - select action Shift-Dir - straight line, f/p - ball python
Aim: a ball python (moderately wounded, 100% to hit)
The magic dart hits the ball python.
You kill the ball python!
The gnoll shouts!
Aiming: Magic Dart (safe; 3% risk of failure)
Press: ? - help, Q - select action Shift-Dir - straight line, f - giant cockroach
Aim: a giant cockroach (100% to hit)
The magic dart hits the giant cockroach.
The giant cockroach is severely wounded.
* * * LOW MAGIC WARNING * * *
An endoplasm comes into view.
The giant cockroach attacks as you move away!
The giant cockroach completely misses you.
The giant cockroach closely misses you.
The giant cockroach attacks as you move away!
The giant cockroach closely misses you. The giant cockroach bites you.
The giant cockroach waves its antennae.
The giant cockroach attacks as you move away!
The giant cockroach completely misses you.
The giant cockroach waves its antennae.
The giant cockroach attacks as you move away!
The giant cockroach bites you.
The giant cockroach attacks as you move away!
The giant cockroach closely misses you. The giant cockroach bites you.
The giant cockroach attacks as you move away!
The giant cockroach closely misses you.
The giant cockroach attacks as you move away!
The giant cockroach closely misses you. The giant cockroach bites you.
The giant cockroach attacks as you move away!
The giant cockroach closely misses you.
Aiming: Magic Dart (safe; 3% risk of failure)
Press: ? - help, Q - select action Shift-Dir - straight line, f/p - giant cockroach
Aim: a giant cockroach (heavily wounded, 100% to hit)
The magic dart hits the giant cockroach.
You kill the giant cockroach!
* * * LOW MAGIC WARNING * * *
You don't have enough magic to cast this spell.
You don't have enough magic to cast this spell.
The quokka barely misses you.
The quokka twitches its whiskers.
The quokka misses you. The quokka barely misses you.
The quokka attacks as you move away! The quokka barely misses you.
The quokka closely misses you.
You see here a giant cockroach corpse.
The quokka attacks as you move away! The quokka bites you.
* * * LOW HITPOINT WARNING * * *
Aiming: Magic Dart (safe; 3% risk of failure)
Press: ? - help, Q - select action Shift-Dir - straight line, f - quokka
Aim: a quokka (100% to hit)
The magic dart hits the quokka.
The quokka is lightly wounded.
* * * LOW MAGIC WARNING * * *
The quokka misses you. The quokka bites you.
You die...

#.g...#
###.###.#
#.g.# .#
#.### # #.#
###.# #...#
###.###
#.@...#
#.#r###.###
#.#.# #...#
#.#g###.#.#
#.#.†...#...
#.###.###.###
#.#.....#..
#.#.#######
#...#


You could see a gnoll and a quokka.

Vanquished Creatures
  A giant cockroach (D:1)
  A ball python (D:1)
2 creatures vanquished.

Notes
Turn   | Place    | Note
-------+----------+-------------------------------------------
     0 | D:1      | RascalDebosk the Octopode Conjurer began the quest for the
                  | Orb.
     0 | D:1      | Reached XP level 1. HP: 11/11 MP: 3/3
    85 | D:1      | Slain by a quokka

Illustrated notes

Levels and vault maps discovered:
D:1:      elethiomel_arrival_maze, layout_basic

Action                   || total
-------------------------++-------
 Cast: Magic Dart        ||     5
Dodge: Dodged            ||    14
